 Dungeon Crawl Stone Soup version 0.31-a0-1074-g0b22e4e0f1 (webtiles) character file.

Game seed: 17887790498843444369

1 grandjackal the Grave Robber (level 1, 0/14 HPs)
             Began as a Ghoul Necromancer on Nov 29, 2023.
             Slain by a jackal (1 damage)
             ... on level 1 of the Dungeon.
             The game lasted 00:00:11 (48 turns).

grandjackal the Grave Robber (Ghoul Necromancer)      Turns: 48, Time: 00:00:12

Health: 0/14       AC:  2    Str: 11    XL:     1   Next: 20%
Magic:  2/2        EV: 12    Int: 14    God:
Gold:   0          SH:  0    Dex:  9    Spells: 2/3 levels left

rFire   . . .        (no weapon)
rCold   + . .        (no shield)
rNeg    + + +        a - +0 robe
rPois   ∞            (no helmet)
rElec   .            (no cloak)
rCorr   .            (no gloves)
SInv    .            (no boots)
Will    .....        (no amulet)
Stlth   ++           (no ring)
HPRegen 0.00/turn    (no ring)
MPRegen 0.08/turn

%: no passive effects
@: inhibited regen
A: claws 1, cold resistance 1, negative energy resistance 3, inhibited
regeneration, torment resistance 2, devour on kill
a: no special abilities


You were on level 1 of the Dungeon.
You visited 1 branch of the dungeon, and saw 1 of its levels.

Inventory:

Armour
 a - a +0 robe (worn)
Potions
 b - a potion of magic


   Skills:
 + Level 0.1 Fighting
 + Level 1.8 Dodging
 - Level 2.1 Stealth
 + Level 1.8 Spellcasting
 + Level 4.0 Necromancy


You had 2 spell levels left.
You knew the following spells:

 Your Spells              Type           Power      Damage    Failure   Level
a - Necrotise             Necr           48%        1d6       4%          1

Your spell library contained the following spells:

 Spells                   Type           Power      Damage    Failure   Level
 Vampiric Draining        Necr           12%        2d6       14%         3
 Animate Dead             Necr           12%        N/A       43%         4
 Agony                    Necr           12%        N/A       78%         5


Dungeon Overview and Level Annotations

Branches:
Dungeon (1/15)

Altars:


Innate Abilities, Weirdness & Mutations

You are immune to poison.
You have sharp fingernails.
Your flesh is cold resistant. (rC+)
You are immune to negative energy. (rN+++)
You do not regenerate when monsters are visible.
You are immune to unholy pain and torment.
You thrive by killing the living.


Message History

Found 7 stones.
A kobold comes into view. It is wielding a +0 dagger.
The kobold shouts!
The endoplasm quivers.
You hear a bark! x2
You scratch the endoplasm.
The endoplasm is heavily wounded.
A jackal comes into view.
A giant cockroach comes into view.
The endoplasm completely misses you.
You scratch the endoplasm.
You kill the endoplasm!
A jackal comes into view.
The kobold hits you with a +0 dagger.
You scratch the kobold but do no damage.
The kobold misses you.
You closely miss the kobold. The kobold closely misses you.
You barely miss the kobold. The kobold hits you with a +0 dagger.
The jackal bites you. The kobold attacks as it pursues you!
The kobold closely misses you. The jackal closely misses you.
The jackal barely misses you. The jackal attacks as it pursues you!
The jackal barely misses you. The jackal bites you.
You are too injured to fight recklessly!
You are too injured to fight recklessly!
You are too injured to fight recklessly!
You are too injured to fight recklessly!
You scratch the jackal.
The jackal is moderately wounded.
The jackal barely misses you.
You barely miss the jackal.
The jackal is moderately wounded.
The jackal bites you.
* * * LOW HITPOINT WARNING * * *
You closely miss the jackal.
The jackal is moderately wounded.
The jackal bites you.
* * * LOW HITPOINT WARNING * * *
The jackal bites you.
You die...

# .................
#.##...............
...........#......
#......#.B..#..#
#####......#......(.
.#........h.#....#..
............#........
#......h##.......#...
#.......@hB......#..
........##K.#....#
######..##..#....#
...................
.######.##..#...##.
#####.##..#...##
#...............
.###...##.##...
#....##.# #


You could see 2 jackals, a giant cockroach and a kobold.

Vanquished Creatures
  An endoplasm (D:1)
1 creature vanquished.

Notes
Turn   | Place    | Note
-------+----------+-------------------------------------------
     0 | D:1      | grandjackal the Ghoul Necromancer began the quest for the
                  | Orb.
     0 | D:1      | Reached XP level 1. HP: 14/14 MP: 2/2
    48 | D:1      | Slain by a jackal

Illustrated notes

Levels and vault maps discovered:
D:1:      psy_arrival_spokes, layout_basic

Action                     || total
---------------------------++-------
  Melee: Unarmed           ||     8
 Armour: Robe              ||     7
  Dodge: Dodged            ||     8

Table legend: (Time is in decaauts)
 A = Elapsed time spent in this place.
 B = Non-inter-level travel time spent in this place.
 C = Inter-level travel time spent in this place.
 D = Time resting spent in this place.
 E = Time spent auto-exploring this place.
 F = Levels seen in this place.
 G = Mean time per level.
                   A        B        C        D        E       F      G
               +--------+--------+--------+--------+--------+-----+--------+
         Total |     48 |     48 |      0 |      0 |     27 |   1 |   48.0 |
       Dungeon |     48 |     48 |      0 |      0 |     27 |   1 |   48.0 |
               +--------+--------+--------+--------+--------+-----+--------+

Top non-repeatable levels by time:
     D:1: 48 daAuts
